 Dungeon Crawl Stone Soup version 0.26.1-2-gb8aa6d0 (webtiles) character file.

Game seed: 3087128599061589969

400800 catcat the Devastator (level 22, -7/138 HPs)
             Began as a Deep Elf Conjurer on Aug 22, 2022.
             Was the Champion of Vehumet.
             Killed from afar by a fire giant (45 damage)
             ... with a fireball
             ... on level 1 of the Depths on Aug 24, 2022.
             The game lasted 03:51:10 (59467 turns).

catcat the Devastator (Deep Elf Conjurer)          Turns: 59467, Time: 03:51:10

Health: -7/138     AC: 27    Str: 13    XL:     22   Next: 27%
Magic:  44/56      EV: 22    Int: 32    God:    Vehumet [******]
Gold:   4239       SH: 12    Dex: 13    Spells: 12/59 levels left

rFire    . . .     SeeInvis +   a - staff of conjuration
rCold    . . .     Faith    .   P - +2 buckler
rNeg     . . .     Spirit   .   Q - +6 scale mail of Ceopotto {rPois Regen+}
rPois    +         Reflect  +   u - +2 helmet {SInv}
rElec    +         Harm     .   I - +1 cloak of Hairiness {MP+9 Stlth+}
rCorr    +         Rampage  .   N - +2 pair of gloves of Supple Strength {rCorr Str+2}
Will     ++...                  A - +2 pair of boots {run}
Stlth    ++........             V - amulet of reflection
HPRegen  0.73/turn              Y - ring of wizardry
MPRegen  0.35/turn              W - ring of Xotecuic {rElec EV+4 Str+5}

@: quick
A: no striking features
}: 2/15 runes: decaying, serpentine
a: Renounce Religion


You were on level 1 of the Depths.
You worshipped Vehumet.
Vehumet was exalted by your worship.
You visited 9 branches of the dungeon, and saw 40 of its levels.
You also visited: Bailey.

You collected 7233 gold pieces.
You spent 2994 gold pieces at shops.

Inventory:

Hand Weapons
 y - the +3 whip "Afui" {vorpal, rElec Will+ Str-2 SInv}
   (You bought it in a shop on level 1 of the Snake Pit)

   It inflicts extra damage upon your enemies.
   It affects your strength (-2).
   It insulates you from electricity.
   It affects your willpower, your defense against some magical effects.
   It lets you see invisible.
Armour
 e - a scarf of repulsion
 u - a +2 helmet of see invisible (worn)
 A - a +2 pair of boots of running (worn)
 I - the +1 cloak of Hairiness (worn) {MP+9 Stlth+}
   (You found it on level 6 of the Lair of Beasts)

   It affects your magic capacity (+9).
   It makes you more stealthy.
 N - the +2 pair of gloves of Supple Strength (worn) {rCorr Str+2}
   (You acquired it on level 2 of the Swamp)

   It affects your strength (+2).
   It provides partial protection from all sources of acid and corrosion.
 O - a +0 pair of boots of flying
 P - a +2 buckler (worn)
 Q - the +6 scale mail of Ceopotto (worn) {rPois Regen+}
   (You bought it in a shop on level 8 of the Dungeon)

   It protects you from poison.
   It increases your rate of regeneration.
Magical Staves
 a - an uncursed staff of conjuration (weapon)
 w - an uncursed staff of earth
 Z - an uncursed staff of fire
Jewellery
 d - an uncursed ring of protection from fire
 j - an uncursed ring of ice
 o - the amulet of Mutualism {Inacc rF+ rC+ rN+ Stlth-}
   (You found it on level 3 of the Elven Halls)

   [amulet of inaccuracy]

   It reduces the accuracy of all your attacks.
   It protects you from fire.
   It protects you from cold.
   It protects you from negative energy.
   It makes you less stealthy.
 p - an uncursed ring of willpower
 G - an uncursed ring of protection from fire
 K - an uncursed ring of magical power
 V - an amulet of reflection (around neck)
 W - the ring of Xotecuic (right hand) {rElec EV+4 Str+5}
   (You acquired it on level 3 of the Elven Halls)

   [ring of evasion]

   It affects your evasion (+4).
   It affects your strength (+5).
   It insulates you from electricity.
 Y - a ring of wizardry (left hand)
Wands
 n - a wand of acid (23)
 F - a wand of iceblast (36)
 U - a wand of digging (4)
Scrolls
 c - 9 scrolls of fear
 f - 23 scrolls of remove curse
 g - 13 scrolls of teleportation
 h - 5 scrolls of magic mapping
 i - 3 scrolls of fog
 l - 8 scrolls of amnesia
 m - 6 scrolls of enchant weapon
 x - 9 scrolls of blinking
 z - 3 scrolls of enchant armour
 B - 6 scrolls of brand weapon
 J - a scroll of silence
 R - 12 scrolls of identify
 S - 2 scrolls of holy word
Potions
 b - 10 potions of flight
 k - 4 potions of resistance
 q - 6 potions of attraction
 r - 2 potions of berserk rage
 s - 20 potions of curing
 t - 2 potions of invisibility
 v - 2 potions of mutation
 C - 6 potions of heal wounds
 D - 12 potions of ambrosia
 E - 7 potions of cancellation
 H - 8 potions of lignification
 L - 6 potions of brilliance
 M - 4 potions of might
 T - 3 potions of magic
 X - 5 potions of haste


   Skills:
 + Level 14.6 Fighting
 - Level 5.0 Staves
 - Level 10.0 Armour
 - Level 17.0 Dodging
 - Level 2.4 Stealth
 - Level 4.0 Shields
 - Level 19.0 Spellcasting
 - Level 20.4 Conjurations
 - Level 4.0 Translocations
 - Level 5.0 Fire Magic
 - Level 15.0 Air Magic
 - Level 14.0 Earth Magic


You had 12 spell levels left.
You knew the following spells:

 Your Spells              Type           Power        Failure   Level
a - Magic Dart            Conj           100%         0%          1
b - Searing Ray           Conj           100%         0%          2
c - Dazzling Flash        Conj/Hex       100%         1%          3
d - Fulminant Prism       Conj/Hex       48%          1%          4
e - Iskenderun's Mystic   Conj/Tloc      100%         1%          4
f - Blink                 Tloc           N/A          1%          2
g - Bolt of Magma         Conj/Fire/Erth 53%          1%          5
h - Iron Shot             Conj/Erth      59%          1%          6
i - Orb of Destruction    Conj           63%          1%          7
j - Iskenderun's Battles  Conj           100%         1%          5
k - Chain Lightning       Conj/Air       60%          2%          8

Your spell library contained the following spells:

 Spells                   Type           Power        Failure   Level
 Lehudib's Crystal Spear  Conj/Erth      59%          3%          8
 Fire Storm               Conj/Fire      53%          86%         9
 Absolute Zero            Ice            15%          100%        9
 Foxfire                  Conj/Fire      100%         0%          1
 Stone Arrow              Conj/Erth      100%         0%          3
 Animate Skeleton         Necr           60%          1%          1
 Apportation              Tloc           100%         1%          1
 Beastly Appendage        Tmut           60%          1%          1
 Corona                   Hex            33%          1%          1
 Summon Small Mammal      Summ           100%         1%          1
 Corpse Rot               Necr/Air       N/A          1%          2
 Conjure Flame            Conj/Fire      100%         1%          3
 Gell's Gravitas          Tloc           27%          1%          3
 Inner Flame              Hex/Fire       46%          1%          3
 Mephitic Cloud           Conj/Pois/Air  100%         1%          3
 Leda's Liquefaction      Hex/Erth       33%          1%          4
 Sticky Flame             Conj/Fire      100%         1%          4
 Fireball                 Conj/Fire      53%          1%          5
 Freezing Cloud           Conj/Ice/Air   51%          1%          6
 Call Imp                 Summ           30%          2%          2
 Slow                     Hex            30%          2%          2
 Wereblood                Tmut           30%          2%          2
 Portal Projectile        Hex/Tloc       86%          2%          3
 Spider Form              Tmut/Pois      15%          4%          3
 Spellforged Servitor     Conj/Summ      48%          6%          7
 Cause Fear               Hex            15%          16%         4
 Ice Form                 Ice/Tmut       30%          16%         4
 Summon Forest            Summ/Tloc      21%          21%         5
 Blade Hands              Tmut           15%          41%         5
 Metabolic Englaciation   Hex/Ice        15%          41%         5
 Summon Demon             Summ           15%          41%         5
 Summon Mana Viper        Hex/Summ       30%          41%         5
 Dispersal                Tloc           27%          43%         6
 Eringya's Noxious Bog    Tmut/Pois      15%          47%         6
 Ozocubu's Refrigeration  Ice            15%          47%         6
 Hydra Form               Tmut           15%          91%         6
 Shadow Creatures         Summ           N/A          91%         6
 Simulacrum               Ice/Necr       15%          91%         6
 Malign Gateway           Summ/Tloc      21%          99%         7
 Monstrous Menagerie      Summ           15%          100%        7
 Summon Greater Demon     Summ           15%          100%        7
 Summon Hydra             Summ           15%          100%        7
 Disjunction              Tloc           27%          100%        8
 Summon Horrible Things   Summ           15%          100%        8


Dungeon Overview and Level Annotations

Branches:
Dungeon (15/15)            Temple (1/1) D:4            Lair (6/6) D:9
  Swamp (4/4) Lair:4        Snake (4/4) Lair:3        Slime (0/5) Lair:5
    Orc (2/2) D:9             Elf (3/3) Orc:2        Vaults (4/5) D:13
  Crypt (0/3) Vaults:3     Depths (1/5) D:15         Bailey (visited)

Altars:
Ashenzari
Cheibriados
Dithmenos
Elyvilon
Fedhas
Hepliaklqana
Kikubaaqudgha
Makhleb
Okawaru
Sif Muna
Trog
Uskayaw
Vehumet
Wu Jian
Xom
Yredelemnul
Zin
The Shining One
Beogh

Shops:
D:7 ?   D:8 *   D:12 !   Orc:1 (=*   Orc:2 *([[[   Snake:1 (}:(   Vaults:4 }

Annotations:
Vaults:1 36 runed doors
Vaults:3 1 runed translucent door, Vatovie's ghost, veteran MiFi


Message History

Casting: Iron Shot (mildly dangerous; 1% risk of failure)
Confirm with . or Enter, or press ? or * to list all spells.
Aiming: Iron Shot (mildly dangerous; 1% risk of failure)
Press: ? - help, Shift-Dir - straight line, f - cyan ugly thing
Aim: a cyan ugly thing (almost dead, 21% to evade)
You feel a surge of power!
The iron shot hits the cyan ugly thing!!!
You kill the cyan ugly thing!
Vehumet accepts your kill.
You feel your power returning.
Things that are here:
a +0 troll leather armour; an iron troll corpse Blink to where?
Press: ? - help, Dir - move target
As you read the scroll of blinking, it crumbles to dust.
A fire giant comes into view.
It is wielding a +2 great sword of flaming.
The fire giant shouts!
You hear a grinding noise.
The fire giant points at you and mumbles some strange words.
The fireball explodes!
The fireball engulfs you!!!
You die...

..... .....
##.....##+###
'.....C....#
#..........#
.#+###...°......#
........°.......#
#.....°....@..#
#.=....°......#
#......○.†....#
#......°...†..#
#.......°..†..#
#.......†§☼☼*..#
###+#######'####
#.# #..


You could see a fire giant.

Vanquished Creatures
  Sojobo (Vaults:3)
  Boris (twice) (Vaults:2 Depths:1)
  Margery (Vaults:3)
  A lich (Depths:1)
  Jorgrun (D:14)
  Rupert (D:13)
  2 deep elf blademasters (Elf:3)
  2 deep elf master archers (Elf:3)
  Frances (D:14)
  A sphinx (Vaults:4)
  A thorn hunter (Swamp:1)
  A storm dragon (Vaults:4)
  2 tengu reavers (Vaults:3)
  8 nagarajas
  Donald (Elf:3)
  A fire giant (Vaults:4)
  4 frost giants
  4 deep elf sorcerers (Elf:3)
  3 orc warlords
  9 vault wardens
  Louise (D:14)
  A deep elf elementalist (Elf:3)
  10 ironheart preservers
  5 stone giants
  6 deep elf demonologists
  Nessos (D:14)
  8 bunyips
  An entropy weaver (Vaults:3)
  A dire elephant (Lair:6)
  7 deep elf annihilators
  9 yaktaur captains
  5 deep elf death magi
  Josephine (D:14)
  8 eleionomae
  A fire dragon (Vaults:1)
  A shambling mangrove (Swamp:1)
  3 great orbs of eyes
  3 rakshasas
  Harold (D:7)
  2 deep elf high priests
  Fannar (D:12)
  5 boulder beetles
  24 hydras
  10 vault guards
  2 catoblepae
  5 centaur warriors
  A catoblepas (shapeshifter) (D:15)
  17 naga warriors
  A ghost crab (Swamp:1)
  10 ogre magi
  32 two-headed ogres
  31 dancing weapons
  12 alligators
  A deep troll earth mage (Depths:1)
  3 deep troll shamans
  15 anacondas
  7 death yaks (Lair:6)
  3 orc high priests
  2 tengu warriors (D:15)
  17 shock serpents
  Urug (D:11)
  15 naga sharpshooters
  4 hell knights (Vaults:3)
  Nergalle (D:12)
  Sonja (D:10)
  4 salamander mystics (Snake:4)
  A shadow wraith (Vaults:3)
  15 deep elf knights
  3 iron trolls (Depths:1)
  3 wizards
  5 glowing orange brains
  5 goliath frogs
  9 skeletal warriors (Vaults:1)
  5 spriggan druids
  10 deep elf archers
  10 naga ritualists
  5 sea snakes (Snake:1)
  9 ironbrand convokers
  2 unseen horrors
  12 deep trolls
  6 lindwurms
  12 bog bodies
  8 swamp dragons (Swamp:4)
  10 orc knights
  14 mana vipers
  7 harpies
  52 deep elf magi
  3 necromancers
  A tengu zombie (Vaults:3)
  11 cyclopes
  8 salamanders
  2 wolf spiders
  18 ugly things
  A fire giant zombie (Vaults:2)
  2 manticores
  2 orc sorcerers (Orc:2)
  A fire giant skeleton (Vaults:3)
  14 elephants
  2 salamanders (shapeshifter)
  5 will-o-the-wisps
  A human zombie (Vaults:3)
  11 guardian serpents
  An eye of devastation (shapeshifter) (Vaults:1)
  39 black mambas
  15 vault sentinels
  3 centaur zombies
  2 gargoyles
  22 naga magi
  17 cane toads
  A cane toad (shapeshifter) (Vaults:3)
  32 yaktaurs
  9 komodo dragons
  3 kobold demonologists
  3 rime drakes
  4 freezing wraiths
  2 human skeletons (Vaults:3)
  A yaktaur skeleton (Vaults:3)
  An efreet (D:15)
  7 tyrant leeches
  6 tengu conjurers (D:15)
  14 hornets
  A tengu simulacrum (Vaults:3)
  2 trolls (shapeshifter)
  8 trolls
  2 bloated husks (Swamp:3)
  3 meliai (D:15)
  A queen bee (D:15)
  2 polar bears (Lair:6)
  A hornet (shapeshifter) (Vaults:2)
  19 blink frogs
  A meliai zombie (D:11)
  3 human simulacra (Vaults:2)
  32 slime creatures
  A centaur simulacrum (D:14)
  16 dream sheep
  4 air elementals
  12 spriggans
  3 vampires
  3 water elementals
  3 shadows
  2 tarantellas (shapeshifter)
  6 wraiths
  2 wyverns
  39 yaks
  A basilisk (shapeshifter) (Vaults:2)
  10 basilisks
  2 fire elementals
  A steam dragon (D:12)
  A hog (shapeshifter) (Vaults:3)
  16 humans (D:13)
  3 vampire mosquitoes (Swamp:3)
  2 yaktaur simulacra
  An acid dragon (D:14)
  3 wargs
  58 nagas
  19 swamp worms
  A soldier ant (D:11)
  13 water moccasins
  A deep troll skeleton (Vaults:3)
  4 ice beasts
  44 orc warriors
  2 sky beasts
  5 black bears
  A hornet zombie (D:15)
  28 ogres
  11 swamp drakes
  21 wolves
  13 boggarts
  12 centaurs
  3 big kobolds
  A gnoll sergeant (D:11)
  23 bullfrogs
  9 earth elementals
  2 scorpions
  A water moccasin zombie (D:7)
  26 killer bees
  13 wights
  10 electric eels
  3 howler monkeys
  2 bullfrog zombies
  6 hounds
  A quasit (D:11)
  34 orc priests
  A bullfrog skeleton (D:12)
  6 jellies
  4 centaur skeletons
  30 orc wizards
  5 iguanas
  Natasha (thrice) (D:3)
  8 worker ants
  A hound zombie (D:6)
  Robin (D:3)
  A worker ant zombie (D:8)
  13 adders
  17 gnolls
  3 river rats (D:3)
  A shadow imp (D:5)
  A white imp (D:5)
  An ufetubus (D:7)
  2 oozes
  2 adder skeletons
  An adder zombie (D:10)
  2 worms
  A dart slug (D:1)
  5 leopard geckos
  134 orcs
  A ball python (D:3)
  6 giant cockroaches
  11 hobgoblins
  17 jackals
  A quokka (D:8)
  9 bats
  5 frilled lizards
  19 goblins
  28 kobolds
  12 rats
  A fulminant prism (Orc:2)
1740 creatures vanquished.

Vanquished Creatures (others)
  An ugly thing (Depths:1)
  A slime creature (Depths:1)
  An ogre (Vaults:4)
  A bush (Swamp:4)
  20 foxfires
  41 fulminant prisms
  52 fungi
  57 plants
174 creatures vanquished.

Grand Total: 1914 creatures vanquished

Notes
Turn   | Place    | Note
-------+----------+-------------------------------------------
     0 | D:1      | catcat the Deep Elf Conjurer began the quest for the Orb.
     0 | D:1      | Reached XP level 1. HP: 10/10 MP: 6/6
     6 | D:1      | Noticed an iguana
     6 | D:1      | Noticed a black bear
     6 | D:1      | Noticed a swamp worm
     7 | D:1      | Noticed a black mamba
     7 | D:1      | Noticed a wyvern
   203 | D:1      | Reached XP level 2. HP: 16/16 MP: 2/8
   404 | D:1      | Learned a level 2 spell: Searing Ray
   974 | D:1      | Reached skill level 5 in Conjurations
  1111 | D:1      | Reached XP level 3. HP: 20/20 MP: 8/10
  1562 | D:2      | Reached skill level 1 in Fighting
  2236 | D:3      | Noticed Natasha
  2239 | D:3      | Killed Natasha
  2240 | D:3      | Reached XP level 4. HP: 25/25 MP: 4/12
  2353 | D:3      | Learned a level 3 spell: Dazzling Flash
  2358 | D:3      | Learned a level 4 spell: Fulminant Prism
  2367 | D:3      | Noticed Robin
  2374 | D:3      | Killed Robin
  2391 | D:3      | Noticed Natasha
  2411 | D:3      | Killed Natasha
  2412 | D:3      | Reached XP level 5. HP: 26/29 MP: 2/13
  2511 | D:3      | Reached skill level 6 in Conjurations
  2889 | D:3      | Noticed Natasha
  2893 | D:3      | Killed Natasha
  2923 | D:3      | Reached XP level 6. HP: 6/35 MP: 0/15
  3331 | D:3      | Found a blossoming altar of Fedhas.
  3437 | D:3      | Reached skill level 5 in Spellcasting
  3640 | D:3      | Learned a level 4 spell: Iskenderun's Mystic Blast
  4127 | D:4      | Found a staircase to the Ecumenical Temple.
  4136 | Temple   | Entered the Ecumenical Temple
  4218 | Temple   | Became a worshipper of Vehumet
  4659 | D:5      | Entered Level 5 of the Dungeon
  4677 | D:5      | Reached skill level 7 in Conjurations
  5132 | D:5      | Reached XP level 7. HP: 30/40 MP: 12/17
  5992 | D:6      | Reached skill level 8 in Conjurations
  6181 | D:6      | Found a hide-covered altar of Uskayaw.
  6388 | D:6      | Reached XP level 8. HP: 45/45 MP: 14/20
  6428 | D:6      | Reached * piety under Vehumet
  6428 | D:6      | Offered knowledge of Shock by Vehumet.
  6795 | D:7      | Got a colourful robe
  6806 | D:7      | Identified the +2 robe of Summertime {rPois Dex-5 Stlth+}
                  | (You found it on level 7 of the Dungeon)
  6845 | D:7      | Found Wympixt's Magic Scroll Boutique.
  6871 | D:7      | Reached skill level 9 in Conjurations
  6919 | D:7      | Found an iron altar of Okawaru.
  7287 | D:7      | Reached skill level 10 in Conjurations
  7383 | D:7      | Reached skill level 5 in Dodging
  7551 | D:7      | Noticed Harold
  7590 | D:7      | Killed Harold
  7591 | D:7      | Reached skill level 11 in Conjurations
  7591 | D:7      | Reached XP level 9. HP: 26/51 MP: 21/21
  7876 | D:8      | Reached skill level 12 in Conjurations
  7969 | D:8      | Found Cuban's General Store.
  8079 | D:8      | Offered knowledge of Foxfire by Vehumet.
  8083 | D:8      | Reached ** piety under Vehumet
  8629 | D:8      | Reached skill level 13 in Conjurations
  8880 | D:8      | Learned a level 2 spell: Blink
  9003 | D:8      | Reached skill level 1 in Shields
  9227 | D:9      | Reached XP level 10. HP: 56/56 MP: 17/22
  9469 | D:8      | Bought the +6 scale mail of Ceopotto {rPois Regen+} for 587
                  | gold pieces
  9582 | D:9      | Found a staircase to the Lair.
  9642 | D:9      | Found a shadowy altar of Dithmenos.
  9695 | D:9      | Learned a level 5 spell: Bolt of Magma
  9701 | D:9      | Found a glowing golden altar of the Shining One.
  9741 | D:9      | Reached skill level 1 in Armour
 10052 | D:9      | Offered knowledge of Frozen Ramparts by Vehumet.
 10096 | D:9      | Found a staircase to the Orcish Mines.
 10163 | D:9      | Reached skill level 1 in Fire Magic
 10310 | Lair:1   | Entered Level 1 of the Lair of Beasts
 10318 | Lair:1   | Noticed a six-headed hydra
 10320 | Lair:1   | Reached *** piety under Vehumet
 10330 | Lair:1   | Killed a six-headed hydra
 10551 | Lair:1   | Reached skill level 1 in Earth Magic
 10638 | Lair:1   | Noticed a cane toad
 10646 | Lair:1   | Killed a cane toad
 10647 | Lair:1   | Reached skill level 5 in Armour
 10910 | Lair:1   | Noticed a six-headed hydra
 10915 | Lair:1   | Killed a six-headed hydra
 10916 | Lair:1   | Reached XP level 11. HP: 61/61 MP: 21/23
 11007 | Lair:1   | Reached skill level 5 in Earth Magic
 11012 | Lair:1   | Offered knowledge of Ignite Poison by Vehumet.
 11730 | Lair:1   | Learned a level 6 spell: Iron Shot
 11903 | Lair:1   | Reached skill level 10 in Spellcasting
 12280 | Lair:2   | Reached skill level 5 in Fighting
 12292 | Lair:2   | Reached **** piety under Vehumet
 12586 | Lair:2   | Offered knowledge of Lightning Bolt by Vehumet.
 12589 | Lair:2   | Noticed a catoblepas
 12782 | Lair:2   | Reached XP level 12. HP: 68/68 MP: 21/30
 13147 | Lair:2   | Killed a catoblepas
 13148 | Lair:2   | Reached skill level 1 in Translocations
 13987 | Lair:3   | Found a staircase to the Snake Pit.
 14102 | Lair:3   | Found a glowing silver altar of Zin.
 14814 | Lair:3   | Identified 3 scrolls of acquirement
 14814 | Lair:3   | Acquired an uncursed staff of earth
 14823 | Lair:3   | Acquired an uncursed staff of conjuration
 14825 | Lair:3   | Acquired 556 gold pieces
 14961 | Lair:4   | Found a staircase to the Swamp.
 15116 | Lair:4   | Noticed an eight-headed hydra
 15127 | Lair:4   | Killed an eight-headed hydra
 15128 | Lair:4   | Reached skill level 5 in Fire Magic
 15987 | Lair:5   | Noticed a four-headed hydra
 15993 | Lair:5   | Killed a four-headed hydra
 15994 | Lair:5   | Reached XP level 13. HP: 71/74 MP: 23/31
 16068 | Lair:5   | Learned a level 7 spell: Orb of Destruction
 16175 | Lair:5   | Reached ***** piety under Vehumet
 16373 | Lair:5   | Offered knowledge of Fireball by Vehumet.
 16483 | Lair:5   | Found a staircase to the Slime Pits.
 16879 | Lair:6   | Entered Level 6 of the Lair of Beasts
 17010 | Lair:6   | Acquired a +0 pair of boots of running
 17237 | Lair:6   | Reached skill level 10 in Dodging
 17373 | Lair:6   | Got a steaming cloak
 17384 | Lair:6   | Identified the +1 cloak of Hairiness {MP+9 Stlth+} (You
                  | found it on level 6 of the Lair of Beasts)
 17738 | Lair:6   | Reached skill level 10 in Earth Magic
 18358 | Lair:6   | Noticed a dire elephant
 18460 | Lair:6   | Killed a dire elephant
 18679 | Lair:6   | Reached XP level 14. HP: 80/80 MP: 33/33
 19150 | Orc:1    | Entered Level 1 of the Orcish Mines
 19168 | Orc:1    | Found Botaw's Weapon Emporium.
 19219 | Orc:2    | Entered Level 2 of the Orcish Mines
 19226 | Orc:2    | Reached skill level 14 in Conjurations
 19607 | Orc:2    | Found a staircase to the Elven Halls.
 19628 | Orc:1    | Noticed an orc warlord
 19646 | Orc:1    | Offered knowledge of Conjure Ball Lightning by Vehumet.
 19736 | Orc:1    | Killed an orc warlord
 19862 | Orc:1    | Found Qudakel's Assorted Antiques.
 20000 | Orc:1    | Bought a scroll of blinking for 255 gold pieces
 20000 | Orc:1    | Bought 3 scrolls labelled ASIECZ WOYRRI for 102 gold pieces
 20026 | Orc:1    | Found Xiceum's Jewellery Emporium.
 20054 | Orc:1    | Bought an uncursed ring of wizardry for 390 gold pieces
 20105 | Orc:2    | Found a roughly hewn altar of Beogh.
 20184 | Orc:2    | Found a roughly hewn altar of Beogh.
 20220 | Orc:2    | Found Umypn's Assorted Antiques.
 20307 | Orc:2    | Found a roughly hewn altar of Beogh.
 20515 | Orc:2    | Noticed an orc warlord
 20525 | Orc:2    | Killed an orc warlord
 20575 | Orc:2    | Offered knowledge of Lee's Rapid Deconstruction by Vehumet.
 20795 | Orc:2    | Found Ijavouc's Antique Weapon Emporium.
 20797 | Orc:2    | Found Ydamyst's Antique Armour Shoppe.
 20806 | Orc:2    | Found a roughly hewn altar of Beogh.
 20814 | Orc:2    | Bought a glimmering buckler for 266 gold pieces
 20824 | Orc:2    | Identified the +0 buckler of Hopp {*Drain rPois Dex-2 SInv}
                  | (You bought it in a shop on level 2 of the Orcish Mines)
 20927 | Orc:2    | Found Gorghick's Armour Shop.
 20937 | Orc:2    | Bought a +2 pair of gloves of archery for 236 gold pieces
 20990 | Orc:2    | Found a roughly hewn altar of Beogh.
 20991 | Orc:2    | Found Jihuth's Antique Armour Shoppe.
 21090 | Orc:2    | Found a roughly hewn altar of Beogh.
 21094 | Orc:2    | Reached skill level 15 in Conjurations
 21221 | D:10     | Entered Level 10 of the Dungeon
 21228 | D:10     | Found a flagged portal.
 21302 | Bailey   | Entered a bailey
 21307 | Bailey   | Noticed an orc warlord
 21468 | Bailey   | Found a runed translucent gate.
 21470 | Bailey   | Found a runed translucent gate.
 21471 | Bailey   | Found a runed translucent gate.
 21591 | Bailey   | Killed an orc warlord
 21700 | Bailey   | Acquired 1242 gold pieces
 21709 | Bailey   | Acquired the ring "Vuesout" {+Inv rPois rCorr}
 21784 | D:10     | Noticed Sonja
 21785 | D:10     | Killed Sonja
 22711 | Snake:1  | Entered Level 1 of the Snake Pit
 23592 | Snake:1  | Reached XP level 15. HP: 89/89 MP: 35/35
 23642 | Snake:1  | Reached ****** piety under Vehumet
 24044 | Snake:1  | Found Estuu's Weapon Shop.
 24044 | Snake:1  | Found Vastoesch's Weapon Boutique.
 24046 | Snake:1  | Found Bazuosanec's Gadget Boutique.
 24048 | Snake:1  | Found Ringugga's Book Shop.
 24095 | Snake:1  | Reached skill level 16 in Conjurations
 24340 | Snake:1  | Learned a level 5 spell: Iskenderun's Battlesphere
 24672 | Snake:2  | Noticed a nagaraja
 24674 | Snake:2  | Killed a nagaraja
 24674 | Snake:2  | Offered knowledge of Eringya's Noxious Bog by Vehumet.
 24777 | Snake:2  | Reached skill level 15 in Spellcasting
 25914 | Snake:3  | Reached skill level 10 in Fighting
 26491 | Snake:3  | Offered knowledge of Starburst by Vehumet.
 26555 | Snake:3  | Reached XP level 16. HP: 35/98 MP: 23/38
 27386 | Snake:4  | Entered Level 4 of the Snake Pit
 27394 | Snake:4  | Found a shimmering blue altar of Sif Muna.
 27588 | Snake:4  | Reached skill level 17 in Conjurations
 28554 | Snake:4  | Offered knowledge of Yara's Violent Unravelling by Vehumet.
 29181 | Snake:4  | Reached skill level 18 in Conjurations
 30254 | Snake:4  | Reached XP level 17. HP: 101/104 MP: 35/39
 30427 | Snake:4  | Reached skill level 19 in Conjurations
 30852 | Snake:4  | Got a serpentine rune of Zot
 31183 | Orc:2    | Bought a shiny buckler for 210 gold pieces
 31380 | Swamp:1  | Entered Level 1 of the Swamp
 32513 | Swamp:2  | You fall into a shaft and drop 1 floor!
 32670 | Swamp:2  | Offered knowledge of Ozocubu's Refrigeration by Vehumet.
 33120 | Swamp:2  | Acquired the +2 pair of gloves of Supple Strength {rCorr
                  | Str+2}
 33207 | Swamp:2  | Reached skill level 20 in Conjurations
 34796 | Swamp:4  | Entered Level 4 of the Swamp
 35154 | Swamp:4  | Offered knowledge of Lehudib's Crystal Spear by Vehumet.
 35154 | Swamp:4  | Offered knowledge of Fire Storm by Vehumet.
 35154 | Swamp:4  | Offered knowledge of Absolute Zero by Vehumet.
 35175 | Swamp:4  | Reached XP level 18. HP: 112/112 MP: 40/40
 35958 | Swamp:4  | Got a decaying rune of Zot
 36817 | Swamp:2  | Got a shimmering dagger
 36818 | Swamp:2  | Identified the +4 dagger of Cheibriados's Hatred {venom,
                  | rF++ Str-4 Dex+6} (You found it on level 2 of the Swamp)
 36941 | Snake:1  | Bought the +3 whip "Afui" {vorpal, rElec Will+ Str-2 SInv}
                  | for 612 gold pieces
 37118 | Elf:1    | Entered Level 1 of the Elven Halls
 38583 | Elf:2    | Reached skill level 15 in Dodging
 39172 | Elf:1    | Found a shimmering blue altar of Sif Muna.
 39516 | Elf:2    | Found a runed translucent gate.
 39516 | Elf:2    | Found a runed translucent gate.
 39517 | Elf:2    | Found a runed translucent gate.
 40507 | Elf:2    | Reached XP level 19. HP: 119/119 MP: 42/42
 40761 | Elf:3    | Entered Level 3 of the Elven Halls
 41266 | Elf:3    | Acquired the ring of Xotecuic {rElec EV+4 Str+5}
 42251 | Elf:3    | Noticed Donald
 42564 | Elf:3    | Noticed a Tzitzimitl
 42660 | Elf:3    | Identified the +2 battleaxe of Pouteth {chaos, rPois Str+2
                  | Int-5 Dex+7}
 42858 | Elf:3    | Identified the cursed +0 mace "Tuophyv" {elec, rElec rF+
                  | rN+}
 42859 | Elf:3    | Killed Donald
 42868 | Elf:3    | Identified the +6 halberd of the Onslaught {venom, rF++
                  | rC-}
 43302 | Elf:3    | Identified the cursed +1 scale mail "Viwn" {Regen+ Int+4}
 43704 | Elf:3    | Got a transparent garnet amulet
 43710 | Elf:3    | Identified the amulet of Mutualism {Inacc rF+ rC+ rN+
                  | Stlth-} (You found it on level 3 of the Elven Halls)
 43722 | Elf:3    | Got a twitching bone amulet
 43728 | Elf:3    | Identified the amulet of Sican {Spirit Dex+4} (You found it
                  | on level 3 of the Elven Halls)
 44153 | D:11     | Learned a level 8 spell: Chain Lightning
 44218 | D:11     | Noticed Urug
 44222 | D:11     | Killed Urug
 44335 | D:11     | Reached skill level 1 in Air Magic
 45167 | D:12     | Noticed Nergalle
 45169 | D:12     | Killed Nergalle
 45388 | D:12     | Noticed Fannar
 45391 | D:12     | Killed Fannar
 45529 | D:12     | Found Rawogh's Distillery.
 45532 | D:12     | Bought a potion of brilliance for 56 gold pieces
 45532 | D:12     | Bought a potion of mutation for 112 gold pieces
 45532 | D:12     | Bought a potion of magic for 112 gold pieces
 45532 | D:12     | Bought a potion of brilliance for 56 gold pieces
 46142 | D:13     | Found a gate to the Vaults.
 46142 | D:13     | Noticed Rupert
 46146 | D:13     | Killed Rupert
 46445 | D:13     | Reached skill level 5 in Air Magic
 46923 | D:14     | Noticed Nessos
 46925 | D:14     | Killed Nessos
 47137 | D:14     | Noticed Louise
 47137 | D:14     | Noticed Josephine
 47287 | D:14     | Killed Josephine
 47288 | D:14     | Killed Louise
 47288 | D:14     | Noticed Jorgrun
 47292 | D:14     | Noticed Frances
 47298 | D:14     | Killed Jorgrun
 47299 | D:14     | Reached XP level 20. HP: 95/126 MP: 4/43
 47446 | D:14     | Killed Frances
 47703 | D:14     | Identified the +10 war axe of the Modern Things {vorpal,
                  | Dex+3}
 48010 | D:14     | Found a roughly hewn altar of Beogh.
 48034 | D:15     | Entered Level 15 of the Dungeon
 49522 | D:15     | Found a staircase to the Depths.
 49968 | Vaults:1 | Entered Level 1 of the Vaults
 50252 | Vaults:1 | Found a hide-covered altar of Uskayaw.
 50425 | Vaults:1 | Reached skill level 1 in Staves
 50945 | Vaults:1 | Found a huge runed gate.
 50945 | Vaults:1 | Found a huge runed gate.
 50945 | Vaults:1 | Found a huge runed gate.
 50947 | Vaults:1 | Found a huge runed gate.
 50948 | Vaults:1 | Found a huge runed gate.
 50948 | Vaults:1 | Found a huge runed gate.
 50948 | Vaults:1 | Found a huge runed gate.
 50949 | Vaults:1 | Found a huge runed gate.
 50949 | Vaults:1 | Found a huge runed gate.
 50949 | Vaults:1 | Found a huge runed gate.
 50955 | Vaults:1 | Found a huge runed gate.
 50955 | Vaults:1 | Found a huge runed gate.
 50955 | Vaults:1 | Found a huge runed gate.
 50955 | Vaults:1 | Found a huge runed gate.
 50955 | Vaults:1 | Found a huge runed gate.
 50955 | Vaults:1 | Found a huge runed gate.
 50956 | Vaults:1 | Found a huge runed gate.
 50957 | Vaults:1 | Found a huge runed gate.
 50959 | Vaults:1 | Found a huge runed gate.
 51023 | Vaults:1 | Reached skill level 10 in Air Magic
 51202 | Vaults:1 | Found a huge runed gate.
 51202 | Vaults:1 | Found a huge runed gate.
 51203 | Vaults:1 | Found a huge runed gate.
 51203 | Vaults:1 | Found a huge runed gate.
 51203 | Vaults:1 | Found a huge runed gate.
 51204 | Vaults:1 | Found a huge runed gate.
 51204 | Vaults:1 | Found a huge runed gate.
 51204 | Vaults:1 | Found a huge runed gate.
 51204 | Vaults:1 | Found a huge runed gate.
 51249 | Vaults:1 | Found a huge runed gate.
 51249 | Vaults:1 | Found a huge runed gate.
 51249 | Vaults:1 | Found a huge runed gate.
 51249 | Vaults:1 | Found a huge runed gate.
 51249 | Vaults:1 | Found a huge runed gate.
 51249 | Vaults:1 | Found a huge runed gate.
 51250 | Vaults:1 | Found a huge runed gate.
 51251 | Vaults:1 | Found a huge runed gate.
 51823 | Vaults:2 | Identified the cursed +1 chain mail of Watchfulness {Will++
                  | Str+4 Dex-3} (You found it on level 2 of the Vaults)
 52812 | Vaults:2 | Reached skill level 5 in Staves
 53980 | Vaults:3 | Found a staircase to the Crypt.
 53980 | Vaults:3 | Found an ancient bone altar of Kikubaaqudgha.
 53981 | Vaults:3 | Found a basalt altar of Yredelemnul.
 54505 | Vaults:3 | Noticed Sojobo
 54509 | Vaults:3 | Killed Sojobo
 54510 | Vaults:3 | Reached XP level 21. HP: 110/132 MP: 44/44
 55406 | Vaults:3 | Identified the ring "Mailueb" {Fire *Corrode Dex+6 Slay+5}
 55450 | Vaults:2 | Noticed Boris
 55464 | Vaults:2 | Killed Boris
 56035 | Vaults:3 | Noticed Margery
 56314 | Vaults:3 | Killed Margery
 56569 | Vaults:3 | Found a runed translucent door.
 56569 | Vaults:3 | Found a shimmering altar of Xom.
 56569 | Vaults:3 | Noticed Vatovie's ghost (veteran MiFi)
 57367 | Vaults:4 | Found Wuzexo's Gadget Boutique.
 57466 | Vaults:4 | Reached skill level 10 in Armour
 58544 | Vaults:4 | Reached XP level 22. HP: 137/137 MP: 36/46
 58545 | Vaults:4 | Reached skill level 15 in Air Magic
 59104 | Vaults:4 | Found a burning altar of Makhleb.
 59326 | Depths:1 | Entered Level 1 of the Depths
 59446 | Depths:1 | Noticed Boris
 59460 | Depths:1 | Killed Boris
 59467 | Depths:1 | Killed from afar by a fire giant

Illustrated notes

Levels and vault maps discovered:
D:1:      onia_arrival_zoo_common, layout_basic, minmay_stone_trees_medium
D:2:      layout_loops_cross
D:3:      layout_basic, marbit_many_paths, portal_sewer_entry_e,
          nrook_mini_backslash, uniq_robin, uniq_natasha
D:4:      layout_rooms, temple_fountains
D:5:      layout_basic
D:6:      layout_basic, eat_drink_and_be_merry_uskayaw
D:7:      layout_loops_cross, okawaru_gym_becter, serial_shops, shop,
          uniq_harold
D:8:      layout_basic, serial_shops, shop
D:9:      layout_cave_pools, lemuel_doored_altar, general_overflow_altar,
          lair_entry_dummy, david_orc_4
D:10:     layout_loops_ring, enter_bailey_5, minmay_mirror_moons_of_madness,
          uniq_sonja
D:11:     layout_roguey, minmay_puff, uniq_urug
D:12:     layout_roguey, serial_shops, kennysheep_mini, uniq_nergalle,
          uniq_fannar
D:13:     layout_roguey, david_vaults_3
D:14:     layout_rooms, special_room [special_room_orc],
          minmay_misc_feat_diagonals, gauntlet_entry_generic,
          minmay_crystal_room, the_bakery, uniq_frances, uniq_nessos,
          uniq_louise, uniq_josephine, uniq_jorgrun
D:15:     gammafunk_enter_depths_forms, layout_layer_cave, special_room
          [special_room_bee], hangedman_abyss_or_decor_passed
Temple:   minmay_crystal_spiral_temple
Lair:1:   beast_lair_carwin_large_2, layout_hall_layers,
          nicolae_quartered_pool_little, grunt_megastairs_2
Lair:2:   layout_misc_corridors
Lair:3:   layout_concentric_octagons, minmay_snake_entry_guardpost_medium,
          amcnicky_altar_gilded
Lair:4:   layout_gridlike, swamp_mist_pool, serial_bayou_shore_a,
          grunt_megastairs_1, lemuel_fruit_tree
Lair:5:   layout_misc_corridors, nicolae_slime_entry_slimehenge,
          grunt_megastairs_5, infiniplex_staircase_pool
Lair:6:   grunt_lair_end_beastmaster, layout_cave_pods,
          infiniplex_staircase_pool_2
Swamp:1:  layout_basic_swamp, nicolae_swamp_little_tower, swamp_pool2
Swamp:2:  layout_basic_swamp, evilmike_swamp_ruin_house_1, swamp_pool2,
          nicolae_swamp_alligator_family
Swamp:3:  layout_falls_marsh, nicolae_swamp_treefoil, swamp_pool2
Swamp:4:  grunt_swamp_rune_castle, layout_basic_swamp, swamp_pool1
Snake:1:  layout_basic, fake_guardian_serpent_vault, minmay_shoptagon
Snake:2:  layout_misc_corridors
Snake:3:  layout_cave_pods, nicolae_snake_salamander_stairs
Snake:4:  snake_pit_salamanders_mu, layout_onion, basic_altar, st_stairs_1
Orc:1:    layout_diamond_mine, serial_shops, shop, shop,
          nicolae_shop_waterfront, shop
Orc:2:    grunt_orc_community_town_hall, layout_caves,
          grunt_orc_community_big_house_1, grunt_orc_community_big_house_1,
          grunt_orc_community_house_3, grunt_orc_community_house_3,
          grunt_orc_community_house_1, grunt_orc_community_house_2,
          grunt_orc_community_house_2, serial_shops, nicolae_shop_statue_plus
Elf:1:    lemuel_upstairs_altar, layout_geoelf_octagon
Elf:2:    layout_geoelf_grid
Elf:3:    elf_hall_gauntlet_narrow, layout_geoelf_castle, uniq_donald
Vaults:1: v_misc_14, grunt_vaults_hallway_long, v_misc_25, vaults_door_vault,
          vaults_room_grid, vaults_room_pool, grunt_vaults_hallway_short,
          vaults_room_corners, nicolae_vaults_shelves_hall,
          nicolae_vaults_ring_of_whatevers, layout_vaults_quadrants, basic_altar
Vaults:2: hangedman_vaults_impose, nicolae_vaults_network_quinsquares
          [nicolae_vaults_network_quincunx_subvault,
          nicolae_vaults_network_quincunx_subvault,
          nicolae_vaults_network_quincunx_subvault,
          nicolae_vaults_network_quincunx_subvault], hangedman_vaults_snaps,
          vaults_room_grid, grunt_vaults_bifocal, vaults_room_hallway,
          v_pattern_5, grunt_vaults_funnel, layout_vaults_chaotic_city,
          uniq_boris
Vaults:3: ebering_vaults_ghost_xom, nicolae_vaults_gold_heap,
          minmay_crypt_entry_necro_gods, vaults_standard_mumra_lines, v_misc_30,
          hangedman_vaults_stream, grunt_vaults_hallway_short,
          nicolae_vaults_what_the_h, nicolae_vaults_alarming, v_misc_4,
          vaults_dpeg_hooks, nicolae_vaults_halls_meeting,
          nicolae_vaults_hallways_thing, grunt_vaults_hallway_short,
          hangedman_vaults_corner_blocks, ontoclasm_vaults_fault,
          vaults_room_octagon, layout_vaults_maze_bifur, uniq_sojobo,
          uniq_margery
Vaults:4: vaults_room_grunt_arrival_ludios, vaults_room_door_hall,
          nicolae_vaults_disjoint_gnomons, nicolae_vaults_specimen_jars,
          ontoclasm_vaults_spin, nicolae_vaults_little_squares_1,
          nicolae_vaults_bisected_exclaves, nicolae_vaults_triangles,
          vaults_room_stairs_pillars, nicolae_vaults_little_squares_3,
          nicolae_vaults_ring_of_whatevers, layout_vaults_omnibox, serial_shops,
          shop, basic_altar
Depths:1: layout_gridlike, enter_ziggurat_e, hangedman_decor_opposing,
          abyss_entry, grunt_metal_band, evilmike_ambush
          [evilmike_ambush_outer_basic, evilmike_ambush_inner_wall_1],
          grunt_megastairs_4, minmay_shop_grove

Skill      XL: |  1  2  3  4  5  6  7  8  9 10 11 12 13 14 15 16 17 18 19 20 21 22 |
---------------+-------------------------------------------------------------------+-----
Conjurations   | 5 6 7 8 11 13 15 16 18 20 | 20.4
Fighting       | 1 2 3 4 5 6 8 10 11 12 13 14 | 14.6
Spellcasting   | 4 5 6 7 12 13 14 16 17 18 19 | 19.0
Dodging        | 3 4 5 6 7 10 11 13 14 15 16 17 | 17.0
Shields        | 2 4 |  4.0
Armour         | 5 7 8 9 10 | 10.0
Fire Magic     | 3 5 |  5.0
Earth Magic    | 4 5 8 10 11 13 14 | 14.0
Translocations | 4 |  4.0
Air Magic      | 6 12 14 15 | 15.0
Staves         | 5 |  5.0
Stealth        | |  2.4

Action                   |  1- 3 |  4- 6 |  7- 9 | 10-12 | 13-15 | 16-18 | 19-21 | 22-24 || total
-------------------------+-------+-------+-------+-------+-------+-------+-------+-------++-------
Melee: Short sword       |       |     5 |       |       |       |       |       |       ||     5
       Staff             |       |       |       |     1 |     7 |     1 |    40 |       ||    49
 Cast: Magic Dart        |    67 |    10 |    19 |    23 |    12 |    93 |    12 |       ||   236
       Searing Ray       |     4 |    37 |    66 |    81 |    62 |    18 |    24 |       ||   292
       Iskenderun's Myst |       |       |    11 |    75 |   106 |    81 |    96 |     8 ||   377
       Fulminant Prism   |       |       |     6 |    18 |    12 |     2 |     4 |       ||    42
       Bolt of Magma     |       |       |       |    40 |   158 |    55 |   159 |     9 ||   421
       Iron Shot         |       |       |       |     1 |   106 |   346 |   406 |    22 ||   881
       Orb of Destructio |       |       |       |       |     3 |    30 |    14 |     1 ||    48
       Iskenderun's Batt |       |       |       |       |    11 |    37 |     3 |       ||    51
       Chain Lightning   |       |       |       |       |       |       |    25 |     6 ||    31
Evoke: Wand              |       |       |       |       |     1 |     2 |       |       ||     3
  Use: Scroll            |     2 |     8 |     2 |    14 |    11 |     7 |    11 |     3 ||    58
       Potion            |       |       |     1 |     1 |       |       |       |       ||     2
Armor: Robe              |     1 |    12 |     7 |    18 |       |       |       |       ||    38
       Scale mail        |       |       |       |    43 |    78 |    62 |    70 |    10 ||   263
Dodge: Dodged            |    14 |    18 |    38 |    52 |    59 |    39 |   116 |    21 ||   357
Block: Buckler           |       |       |     1 |    17 |    78 |    39 |    96 |    10 ||   241
       Reflection        |       |       |       |       |    26 |    16 |    46 |     1 ||    89
       Other             |       |       |       |       |       |     1 |       |       ||     1
